Map: Nova Repugnância LE

Players

Glasspig

  • Race: Terran Terran
  • Spawn Location: 7:00

MrHydex - Winner!

  • Race: Zerg Zerg
  • Spawn Location: 1:00

VOD

Have the link to the VOD?

Description

My last unranked game.
I finished my md5 with 2 wins and, currently, my rank is Bronze.

Time

  • Played on: July 21, 2019, 11:41 p.m.
  • Length: 10:37
Show
View Real Time Build Order
Export as new Build Order

Glasspig Terran 

Build Orders:  

Get SALT Encoding   

  12  0:24  Supply Depot  
  12  0:30  SCV  
  13  0:42  SCV  
  14  0:48  Refinery  
  14  0:54  SCV  
  15  1:06  SCV  
  16  1:18  SCV  
  17  1:29  Barracks  
  17  1:30  SCV  
  18  1:34  Refinery  
  18  1:47  SCV  
  19  1:59  SCV  
  20  2:11  SCV  
  21  2:22  Command Center  
  21  2:25  Marine  
  21  2:43  Marine  
  22  3:01  Marine  
  23  3:15  Barracks  
  23  3:52  Supply Depot  
  23  4:13  SCV, Marine  
  25  4:26  SCV  
  26  4:31  Marine  
  26  4:32  Command Center  
  26  4:38  SCV  
  28  4:49  Marine  
  28  4:50  SCV  
  30  5:07  Marine  
  31  5:16  Engineering Bay  
  31  5:37  Supply Depot  
  31  5:43  Marine  
  32  5:59  SCV  
  32  6:01  Reaper  
  34  6:11  SCV  
  35  6:23  SCV  
  36  6:34  Reaper  
  36  6:35  SCV  
  38  6:48  SCV  
  39  7:00  SCV  
  40  7:06  Reaper  
  41  7:24  Barracks  
  41  7:28  SCV  
  42  7:37  Marine  
  42  7:40  SCV  
  44  7:52  SCV  
  44  7:55  Marine  
  46  8:04  SCV  
  35  8:16  SCV  
  30  8:23  Marine  
  25  8:29  Planetary Fortress  
  24  8:41  Marine  
  25  8:59  Marine  
  18  9:17  Marine  
Show
View Real Time Build Order
Export as new Build Order

MrHydex Zerg - Winner!

Build Orders: Pool First 

Get SALT Encoding   

  12  0:06  Drone  
  13  0:23  Overlord  
  13  0:28  Drone  
  14  0:39  Spawning Pool  
  14  0:41  Extractor  
  13  0:42  Drone  
  13  0:46  Drone  
  14  0:51  Drone  
  15  0:59  Drone  
  16  1:09  Drone  
  17  1:29  Zergling x2  
  18  1:33  Hatchery  
  18  1:39  Queen  
  19  1:44  Drone  
  20  1:56  Drone x2  
  21  3:09  Drone x3  
  21  3:12  Drone x2  
  26  3:13  Drone  
  27  3:30  Overlord  
  27  3:44  Overlord x2  
  27  3:48  Queen  
  29  3:56  Lair  
  29  4:00  Zergling x8  
  33  4:06  Drone x2  
  35  4:14  Roach Warren  
  34  4:22  Evolution Chamber  
  33  4:32  Spine Crawler  
  33  4:37  Spore Crawler  
  31  4:40  Extractor  
  30  4:48  Zergling x6  
  33  4:54  Zerg Melee Weapons Level 1  
  33  5:01  Roach x7  
  47  5:07  Overlord  
  47  5:14  Queen  
  47  5:19  Queen  
  51  5:24  Overlord  
  51  5:25  Overlord x3  
  51  5:30  Zergling x6  
  54  5:36  Overlord x2  
  54  5:40  Metabolic Boost  
  54  5:49  Queen  
  56  5:59  Roach x3  
  62  6:04  Overlord  
  62  6:25  Pneumatized Carapace  
  62  6:32  Drone x4  
  66  6:37  Hatchery  
  65  6:46  Roach x3  
  71  7:06  Roach x4  
  71  7:07  Roach  
  81  7:22  Zergling x4  
  71  8:28  Ravager x2  
  71  8:29  Ravager x2  
  71  8:34  Roach x2  
  79  8:36  Drone  
  79  8:40  Extractor  
  79  8:42  Drone  
  79  8:43  Drone x3  
  79  8:44  Drone  
  79  8:48  Extractor  
  68  9:49  Ravager x2  
Tags
 
Add a new tag
Caveats
  • Supply blocks, unpowered buildings, or Contaminate may cause inaccurate times.
  • Supply counts are checked every 10 seconds.